 Dungeon Crawl Stone Soup version 0.29-a0-473-gacb4ef3bc5 (webtiles) character file.

Game seed: 8554312532012055861

3558 Bruhh the Fighter (level 10, -3/85 HPs)
             Began as a Barachi Transmuter on May 23, 2022.
             Was a Believer of Okawaru.
             Slain by a red ugly thing (10 damage)
             ... on level 7 of the Dungeon.
             The game lasted 00:11:35 (10830 turns).

Bruhh the Fighter (Barachi Transmuter)             Turns: 10830, Time: 00:11:36

Health: -3/85      AC:  2    Str: 12    XL:     10   Next: 9%
Magic:  14/17      EV: 20    Int: 18    God:    Okawaru [**....]
Gold:   1641       SH:  0    Dex: 19    Spells: 15/19 levels left

rFire   + . .      SeeInvis .     - Unarmed
rCold   + . .      Faith    .   (shield currently unavailable)
rNeg    . . .      Spirit   .   (body armour currently unavailable)
rPois   .          Reflect  .   (helmet currently unavailable)
rElec   +          Harm     .   (cloak currently unavailable)
rCorr   +          Rampage  .   (gloves currently unavailable)
Will    ++...                   (boots currently unavailable)
Stlth   ++........              (no amulet)
HPRegen 0.24/turn               t - ring of Keijuri {Will+ Dex+2}
MPRegen 0.15/turn               w - ring of willpower

@: spider-form, resistant, studying Long Blades
A: venomous fangs, (amphibious), tiny, (slowness 1), (strong legs 1), +LOS
a: End Transformation, Renounce Religion, Heroism


You were on level 7 of the Dungeon.
You worshipped Okawaru.
Okawaru was pleased with you.
You were a venomous arachnid creature.
You visited 1 branch of the dungeon, and saw 8 of its levels.

You collected 1641 gold pieces.

Inventory:

Missiles
 j - 11 poisoned darts
Armour
 a - a +0 robe (melded)
 g - a +0 buckler
Jewellery
 k - a ring of ice
 r - a ring of positive energy
 t - the ring of Keijuri (left front leg) {Will+ Dex+2}
   (You found it on level 3 of the Dungeon)

   [ring of willpower]

   Dex:       It affects your dexterity (+2).
   Will:      It increases your willpower.
 w - a ring of willpower (right front leg)
 y - a ring of positive energy
 D - a +4 ring of evasion
Wands
 E - a wand of iceblast (19)
Scrolls
 e - 3 scrolls of noise
 f - a scroll of enchant weapon
 n - 3 scrolls of fear
 o - 5 scrolls of teleportation
 p - a scroll of torment
 s - a scroll of blinking
 x - a scroll of magic mapping
 B - a scroll of amnesia {unknown}
 C - 2 scrolls of silence {unknown}
Potions
 b - a potion of ambrosia {unknown}
 c - a potion of cancellation {unknown}
 h - 2 potions of might {unknown}
 i - a potion of resistance
 l - 2 potions of heal wounds
 m - a potion of mutation
 q - 2 potions of flight {unknown}
 u - a potion of berserk rage {unknown}
 v - 2 potions of degeneration {unknown}
 z - 2 potions of haste {unknown}
 A - a potion of experience {unknown}
 F - a potion of attraction {unknown}


   Skills:
 - Level 10.0 Fighting
 - Level 2.6 Dodging
 - Level 10.0 Unarmed Combat
 - Level 5.0 Spellcasting
 + Level 6.9 Transmutations


You had 15 spell levels left.
You knew the following spells:

 Your Spells              Type           Power      Damage    Failure   Level
a - Beastly Appendage     Tmut           58%        N/A       4%          1
b - Spider Form           Tmut/Pois      16%        N/A       24%         3

Your spell library contained the following spells:

 Spells                   Type           Power      Damage    Failure   Level
 Wereblood                Tmut           29%        N/A       5%          2
 Passwall                 Tmut/Erth      13%        N/A       14%         2
 Freeze                   Ice            16%        1d4       30%         1
 Sandblast                Erth           8%         2d5       30%         1
 Shock                    Conj/Air       16%        1d4       30%         1
 Ensorcelled Hibernation  Hex/Ice        8%         N/A       41%         2
 Ice Form                 Ice/Tmut       16%        N/A       54%         4
 Stone Arrow              Conj/Erth      8%         3d7       58%         3
 Swiftness                Air            4%         N/A       58%         3
 Cause Fear               Hex            2%         N/A       91%         4
 Metabolic Englaciation   Hex/Ice        2%         N/A       99%         5
 Dragon Form              Tmut           14%        N/A       100%        7
 Call Imp                 Summ           Unusable   N/A       N/A         2
 Malign Gateway           Summ/Tloc      Unusable   N/A       N/A         7
 Dragon's Call            Summ           Unusable   N/A       N/A         9

Dungeon Overview and Level Annotations

Branches:
Dungeon (8/15)             Temple (0/1) D:7
   Lair: D:8-11

Altars:
Dithmenos
Fedhas
Kikubaaqudgha
Makhleb
Okawaru
Qazlal
Ru
Sif Muna
Trog
Zin


Innate Abilities, Weirdness & Mutations

You are a venomous arachnid creature.
You have poisonous fangs.
You are tiny and dextrous.
Your spellcasting is less reliable in this form.
Your armour is entirely melded.
You are incapable of wielding weapons or throwing items.
((You are amphibious.))
((You cover ground slowly.))
((You can hop short distances.))
You have an extended range of vision and can be seen from far away.


Message History

You bite the orc!
You kill the orc!
Okawaru accepts your kill.
Things that are here:
a +0 mace; a +0 ring mail
Okay, then.
You feel protected. The red ugly thing bites you!
You are engulfed in flames!
You resist.
You bite the red ugly thing!
The red ugly thing is moderately wounded.
You hit the red ugly thing but do no damage.
The red ugly thing is poisoned.
The red ugly thing is moderately wounded.
The red ugly thing bites you.
You are engulfed in flames!
You resist.
You bite the red ugly thing!
The red ugly thing looks as sick as possible!
The red ugly thing is moderately wounded.
Your transformation has ended.
Your +0 robe unmelds from your body.
The orc priest hits you with a +0 short sword.
The red ugly thing closely misses you.
Casting: Spider Form (dangerous; 10% risk of failure)
Confirm with . or Enter, or press ? or * to list all spells.
You turn into a venomous arachnid creature.
Your +0 robe melds into your body.
The orc priest hits you with a +0 short sword.
The red ugly thing closely misses you.
You hit the red ugly thing.
The red ugly thing is heavily wounded.
The orc priest misses you. The red ugly thing bites you!
* * * LOW HITPOINT WARNING * * *
You are engulfed in flames!
You resist.
* * * LOW HITPOINT WARNING * * *
You hit the red ugly thing.
The red ugly thing looks as sick as possible!
The red ugly thing is heavily wounded.
The orc priest completely misses you. The red ugly thing bites you!
* * * LOW HITPOINT WARNING * * *
You are engulfed in flames!
You resist.
You die...

#.#.###.####..# .#
#.#.# #...##..##
##.# ###.#
#....#...# ##...
#.# #....#...#
#.... #.
#)....)..## ....
#. ######....##..#
#..).#...#
####....#o..##..#
.........su......#
######.###########
...# .#### .. ##


You could see a red ugly thing (extremely poisoned) and an orc priest.

Vanquished Creatures
  A kobold demonologist (D:6)
  Prince Ribbit (D:5)
  A wyvern (D:7)
  3 water moccasins
  2 ice beasts
  An orc warrior (D:6)
  2 sky beasts
  2 ogres
  3 black bears
  A phantom (D:6)
  2 bullfrogs
  4 necrophages
  A gnoll sergeant (D:7)
  5 wights
  3 howler monkeys (D:8)
  A jelly (D:6)
  5 hounds
  6 orc priests
  Jessica (D:3)
  3 iguanas
  Natasha (thrice) (D:3)
  3 orc wizards
  2 hound zombies (D:4)
  A howler monkey zombie (D:4)
  5 gnolls
  6 adders
  2 white imps
  An ufetubus (D:6)
  3 worms
  A dart slug (D:2)
  25 orcs
  4 endoplasms
  2 giant cockroaches (D:2)
  6 goblins
  7 hobgoblins
  3 jackals
  5 kobolds
  5 ball pythons
  6 bats
  2 frilled lizards
  5 rats
145 creatures vanquished.

Vanquished Creatures (others)
  A howler monkey (D:6)
  A bush (D:4)
  10 plants (D:4)
12 creatures vanquished.

Grand Total: 157 creatures vanquished

Notes
Turn   | Place    | Note
-------+----------+-------------------------------------------
     0 | D:1      | Bruhh the Barachi Transmuter began the quest for the Orb.
     0 | D:1      | Reached XP level 1. HP: 15/15 MP: 3/3
   347 | D:1      | Found a faded altar of an unknown god.
   908 | D:1      | Reached XP level 2. HP: 17/21 MP: 3/5
  1812 | D:2      | Reached XP level 3. HP: 23/27 MP: 4/6
  2244 | D:2      | Found a sacrificial altar of Ru.
  2551 | D:3      | Noticed Natasha
  2562 | D:3      | Killed Natasha
  2563 | D:3      | Reached XP level 4. HP: 16/34 MP: 6/8
  2871 | D:3      | Learned a level 3 spell: Spider Form
  2913 | D:3      | Noticed Jessica
  2923 | D:3      | Killed Jessica
  2970 | D:3      | Got the Compendium of the Congealing Escort
  2992 | D:3      | Found a sacrificial altar of Ru.
  3215 | D:3      | Noticed Natasha
  3224 | D:3      | Killed Natasha
  3225 | D:3      | Reached XP level 5. HP: 26/41 MP: 9/9
  3259 | D:3      | Noticed Natasha
  3276 | D:3      | Killed Natasha
  3485 | D:3      | Identified the ring of Keijuri {Will+ Dex+2}
  4228 | D:4      | Noticed an ogre
  4243 | D:4      | Killed an ogre
  4244 | D:4      | Reached XP level 6. HP: 48/48 MP: 7/11
  4722 | D:4      | Found a blossoming altar of Fedhas.
  5090 | D:4      | Identified a scroll of acquirement
  5101 | D:4      | Reached skill level 5 in Unarmed Combat
  5118 | D:4      | Reached XP level 7. HP: 45/55 MP: 6/13
  5135 | D:4      | Acquired 1315 gold pieces
  5190 | D:4      | Reached skill level 5 in Fighting
  5320 | D:5      | Entered Level 5 of the Dungeon
  5320 | D:5      | Noticed Prince Ribbit
  5333 | D:5      | Killed Prince Ribbit
  5334 | D:5      | Reached skill level 5 in Spellcasting
  5686 | D:5      | Reached XP level 8. HP: 56/64 MP: 11/15
  5807 | D:5      | Found a shadowy altar of Dithmenos.
  7195 | D:6      | Found a stormy altar of Qazlal.
  7265 | D:6      | Found a bloodstained altar of Trog.
  7472 | D:6      | Found a shimmering blue altar of Sif Muna.
  7476 | D:6      | Got Sif Muna's Collected Works on Flying Snow
  7588 | D:6      | Noticed a kobold demonologist
  7598 | D:6      | Killed a kobold demonologist
  7599 | D:6      | Reached XP level 9. HP: 59/75 MP: 13/16
  8278 | D:6      | Found an iron altar of Okawaru.
  8400 | D:6      | Became a worshipper of Warmaster Okawaru
  8724 | D:7      | Found a staircase to the Ecumenical Temple.
  8989 | D:8      | Found an ancient bone altar of Kikubaaqudgha.
  9388 | D:8      | Reached * piety under Okawaru
  9389 | D:8      | Reached skill level 10 in Fighting
  9645 | D:8      | Reached skill level 10 in Unarmed Combat
  9699 | D:8      | Found a burning altar of Makhleb.
  9885 | D:8      | Reached skill level 5 in Transmutations
 10265 | D:7      | Found a glowing silver altar of Zin.
 10281 | D:7      | Reached XP level 10. HP: 57/85 MP: 14/17
 10812 | D:7      | Reached ** piety under Okawaru
 10816 | D:7      | Noticed a red ugly thing
 10830 | D:7      | Slain by a red ugly thing

Illustrated notes

Levels and vault maps discovered:
D:1:      amcnicky_arrival_single_pillar, layout_basic,
          ebering_ecumenical_altar_mist
D:2:      minmay_door_path, layout_loops_ring, basic_altar, grunt_ministairs_10
D:3:      layout_loops_ring, mainiacjoe_overflow_tiny_flanked,
          hangedman_decor_points, uniq_natasha, uniq_jessica
D:4:      kennysheep_big_flooded_room, layout_loops_ring,
          fedhas_altar_decomposition, dk_vineyard_2, hangedman_glass_teeth
D:5:      layout_loops_ring, amcnicky_altar_gilded, uniq_prince_ribbit1
D:6:      hellmonk_crumbling_castle, layout_gridville,
          nzn_overflow_gifts_of_might_and_magic, marbit_many_paths,
          grunt_qazlal_clouds, minmay_manual_mess
D:7:      minmay_recursive_quarters, layout_loops_ring, general_overflow_altar,
          minmay_temple_entry_gardened_gates
D:8:      layout_basic, makhleb_blood_cavern_becter,
          nicolae_overflow_crystal_walls

Skill      XL: |  1  2  3  4  5  6  7  8  9 10 |
---------------+-------------------------------+-----
Fighting       | 2 3 4 6 8 10 | 10.0
Transmutations | 3 5 6 |  6.9
Unarmed Combat | 4 5 6 8 10 | 10.0
Spellcasting   | 3 4 5 |  5.0
Dodging        | |  2.6

Action                   |  1- 3 |  4- 6 |  7- 9 | 10-12 || total
-------------------------+-------+-------+-------+-------++-------
Melee: Unarmed           |    81 |   143 |   286 |    37 ||   547
       Kick              |    17 |    11 |     9 |       ||    37
       Headbutt          |     7 |    10 |     6 |       ||    23
       Punch             |     1 |     2 |     2 |       ||     5
 Cast: Beastly Appendage |    28 |    17 |     8 |       ||    53
       Spider Form       |       |     4 |    31 |     5 ||    40
 Abil: Hop               |       |       |     2 |       ||     2
  Use: Potion            |     1 |     1 |     7 |     1 ||    10
       Scroll            |       |     7 |     5 |       ||    12
 Stab: Sleeping          |     1 |     1 |     1 |       ||     3
Armor: Robe              |    23 |    16 |     6 |       ||    45
       Skin              |     3 |     2 |    10 |       ||    15
Dodge: Dodged            |    78 |    65 |   245 |    30 ||   418

Table legend: (Time is in decaauts)
 A = Elapsed time spent in this place.
 B = Non-inter-level travel time spent in this place.
 C = Inter-level travel time spent in this place.
 D = Time resting spent in this place.
 E = Time spent auto-exploring this place.
 F = Levels seen in this place.
 G = Mean time per level.
                   A        B        C        D        E       F      G
               +--------+--------+--------+--------+--------+-----+--------+
         Total |  11692 |  11455 |    237 |    578 |   9461 |   8 | 1461.5 |
       Dungeon |  11692 |  11455 |    237 |    578 |   9461 |   8 | 1461.5 |
               +--------+--------+--------+--------+--------+-----+--------+

Top non-repeatable levels by time:
     D:6: 1930 daAuts
     D:1: 1630 daAuts
     D:4: 1573 daAuts
     D:3: 1553 daAuts
     D:5: 1533 daAuts
     D:8: 1339 daAuts
     D:2: 1126 daAuts
     D:7: 1004 daAuts
